Elbereth, lawful female human Valkyrie ------- #..(...-################ -------- #)##u@##|.....| # |......| ------- ###|......| #.....<.| |......| -------- Elbereth the Woman-at-arms Experience level: 12 Strength: 18/01 Dexterity: 13 Constitution: 18 Intelligence: 10 Wisdom: 11 Charisma: 8 Health: 0(114) Energy: 31(31) Def: 6 Gold: 9576 Moves: 12990 Dungeon seed: 9mu4N10KrLgEZ8kK Game ID: Elbereth_1607929811 Your Inventory: Coins $ - 9576 gold pieces Amulets m - an uncursed amulet of reflection (being worn) Weapons a - the blessed rustproof +1 Excalibur (weapon in hand) v - 3 +1 daggers Armor e - an uncursed +4 small shield (being worn) q - an uncursed very rusty corroded +0 helm of telepathy (being worn) r - an uncursed +0 pair of low boots (being worn) Comestibles c - 10 uncursed food rations f - 2 uncursed lumps of royal jelly P - an uncursed tripe ration Q - an uncursed lembas wafer R - an uncursed melon Scrolls s - an uncursed scroll of identify y - an uncursed scroll of fire B - a cursed scroll of identify N - a cursed scroll of teleportation O - a blessed scroll of enchant armor W - an uncursed scroll of enchant armor Rings l - an uncursed ring of invisibility (on left hand) A - a blessed +1 ring of gain strength L - an uncursed ring of shock resistance U - an uncursed ring of hunger Z - an uncursed ring of warning (on right hand) Wands i - a blessed wand of digging (0:4) C - a wand of magic missile (0:5) D - a wand of digging (0:5) F - a wand of striking (0:4) I - a wand of create monster (0:14) T - a wand of create monster (0:12) V - a wand of lightning (0:6) Tools d - an uncursed oil lamp (0:1076) Spells and supernatural/magical abilities: Name Level Category Fail Memory W - pray for help -- divine ? -- Your skills at the end: Fighting Skills Weapon Skills dagger [Basic] long sword [Basic] Spellcasting Skills Final Attributes: You were piously aligned. You were cold resistant. You were level-drain resistant. You saw invisible. You were telepathic. You were warned. You had automatic searching. You were invisible to others. You were stealthy. You were fast. You had reflection. You are dead. Vanquished creatures: a titanothere a frost giant 2 black puddings a vampire 9 ghosts a lieutenant a queen bee 2 giant mimics 3 fire giants 3 wumpuses 2 long worms a giant zombie 2 water demons a warg a winter wolf 4 small mimics a quantum mechanic 2 gelatinous cubes 2 pyrolisks 3 large dogs 2 freezing spheres a shocking sphere a tiger a tengu an ochre jelly a leocrotta 2 elf mummies a human mummy a pit viper 16 wraiths 3 ettin zombies a horned devil a crocodile 3 giant beetles a quivering blob 3 cockatrices a wolf a spotted jelly 3 leprechauns an iron piercer 3 giant spiders a scorpion a horse an ice vortex a black light 2 vampire bats a gnome king a dwarf mummy 4 brown puddings 2 rust monsters 2 owlbears 2 yetis a Green-elf 3 lizards 2 warriors a dog 2 jaguars 2 blue jellies a black unicorn 2 ravens a gnome mummy 5 water moccasins 4 apes 6 human zombies a rope golem 6 Woodland-elves 3 soldier ants 14 fire ants 5 bugbears a quasit a mountain nymph 2 rock piercers a rock mole a pony 2 yellow lights 2 violet fungi 8 gnome lords 3 gnomish wizards a kobold mummy a red naga hatchling 2 black naga hatchlings a gray ooze 7 elf zombies a ghoul 5 straw golems a paper golem 9 giant ants a little dog 7 floating eyes 2 kittens 5 dwarves 7 homunculi 2 kobold lords a kobold shaman 4 hill orcs 2 rothes 3 rabid rats a centipede 5 giant bats a monkey 4 orc zombies 8 dwarf zombies a werejackal an iguana 13 killer bees 3 acid blobs a coyote 4 gas spores 2 hobbits 10 manes 2 large kobolds 8 hobgoblins 9 giant rats 6 cave spiders 3 brown molds 2 yellow molds 3 green molds 3 red molds 19 gnomes 19 garter snakes a gecko 15 jackals 2 foxes 3 kobolds 3 goblins 5 sewer rats 2 grid bugs 4 lichens 2 kobold zombies 11 newts 427 creatures vanquished. Voluntary challenges: You were an atheist. You used a wielded weapon 679 times, starting on turn 4. You read items or engraved 28 times, starting on turn 572. You never genocided any monsters. You polymorphed 13 items, starting on turn 1664. You never changed form. You used no wishes. You split 3 puddings, starting on turn 7579. You never wrote Elbereth's name. You violated your moral code, losing 54 points of alignment, starting on turn 7525. Dungeon overview: The Dungeons of Doom: levels 1 to 24 Level 1 an altar to Tyr a long staircase Level 2 an armor shop Level 3 Level 4 stairs to The Gnomish Mines Level 5 an armor shop Level 6 Level 7 Level 8 Level 9 Level 10 a sink stairs to Sokoban Level 11 Level 12 Level 13 a general store, a sink Level 14 Level 15 a general store, a fountain portal to The Quest Level 16 Level 17 a sink Level 18 Level 19 Level 20 a temple to Tyr Level 21 a fountain Level 22 Level 23 some fountains Level 24 <- You were here The Gnomish Mines: levels 5 to 7 Level 5 stairs to The Dungeons of Doom Level 6 Level 7 The Quest: Level 1 a fountain portal to The Dungeons of Doom Sokoban: levels 6 to 9 Level 6 Level 7 Level 8 Level 9 stairs to The Dungeons of Doom History has recorded: On T:1 you entered the Dungeons of Doom to retrieve the Amulet of Yendor! On T:292 you reached level 2 of The Dungeons of Doom. On T:427 you advanced to experience level 2. On T:452 you advanced to experience level 3. On T:465 you advanced to experience level 4. On T:700 you reached level 3 of The Dungeons of Doom. On T:1060 you advanced to experience level 5. On T:1504 you reached level 4 of The Dungeons of Doom. On T:2043 you reached level 1 of The Gnomish Mines. On T:2071 you advanced to experience level 6. On T:2178 you reached level 2 of The Gnomish Mines. On T:2409 you reached level 3 of The Gnomish Mines. On T:2963 you reached level 5 of The Dungeons of Doom. On T:3383 you reached level 6 of The Dungeons of Doom. On T:3576 you advanced to experience level 7. On T:3772 you reached level 7 of The Dungeons of Doom. On T:3914 you reached level 8 of The Dungeons of Doom. On T:4107 you reached level 9 of The Dungeons of Doom. On T:4552 you reached level 10 of The Dungeons of Doom. On T:4579 you advanced to experience level 8. On T:4727 you advanced to experience level 9. On T:4798 you reached level 4 of Sokoban. On T:5127 you reached level 3 of Sokoban. On T:5901 you reached level 2 of Sokoban. On T:6392 you reached level 1 of Sokoban. On T:7819 you reached level 11 of The Dungeons of Doom. On T:8305 you reached level 12 of The Dungeons of Doom. On T:8451 you advanced to experience level 10. On T:8718 you reached level 13 of The Dungeons of Doom. On T:9277 you reached level 14 of The Dungeons of Doom. On T:9519 you reached level 15 of The Dungeons of Doom. On T:9722 you reached level 1 of The Quest. On T:10285 you reached level 16 of The Dungeons of Doom. On T:10656 you reached level 17 of The Dungeons of Doom. On T:11074 you reached level 18 of The Dungeons of Doom. On T:11288 you reached level 20 of The Dungeons of Doom. On T:11524 you reached level 19 of The Dungeons of Doom. On T:11771 you advanced to experience level 11. On T:11872 you advanced to experience level 12. On T:12236 you reached level 21 of The Dungeons of Doom. On T:12511 you reached level 22 of The Dungeons of Doom. On T:12629 you reached level 23 of The Dungeons of Doom. On T:12936 you reached level 24 of The Dungeons of Doom. Score breakdown: Gold: 9576 (13542 points) Experience: 12 levels (18476 points) Exploration: 24 levels ( 47.06%) (20346 points) Discoveries: 32 items ( 13.06%) (10842 points) Valuables value: (no points given unless you survive) Artifact value: 4000 (12253 points) Variety of kills: 130 monsters ( 34.12%) (17523 points) Turncount: 12990 turns (-2765 points) Survival: died (score multiplied by 80%) Total score: 72173 Latest messages: The lieutenant swings her long sword. The lieutenant hits! The lieutenant swings her long sword. The lieutenant hits! You hit the lieutenant! You miss the lieutenant. The lieutenant swings her long sword. The lieutenant hits! The lieutenant swings her long sword. The lieutenant hits! You kill the lieutenant! There are several objects here. The black unicorn butts! The black unicorn kicks! The black unicorn butts! The black unicorn kicks! The black unicorn butts! The black unicorn kicks! You miss the black unicorn. The black unicorn butts! The black unicorn kicks! You die... Final status: Farvel Elbereth the Valkyrie, killed by a black unicorn... You died in The Dungeons of Doom on dungeon level 24 with 72173 points, and 9576 pieces of gold, after 12990 moves. You were level 12 with a maximum of 114 hit points when you died.